Map: Ultralove

Players

KimChiLoVer - Winner!

  • Race: Terran Terran
  • League: Diamond
  • Spawn Location: 1:00

VOD

Have the link to the VOD?

Description

Time

  • Played on: Sept. 1, 2025, 3:02 p.m.
  • Length: 10:13
Show
View Real Time Build Order
Export as new Build Order

KimChiLoVer Terran - Winner!

Build Orders: Reaper Expand, Hellion Banshee, Mech 

Get SALT Encoding   

  12  0:02  SCV  
  12  0:15  SCV  
  12  0:18  Supply Depot  
  12  0:27  SCV  
  12  0:40  SCV  
  12  0:41  Barracks  
  12  0:46  Refinery  
  12  0:52  SCV  
  12  1:04  SCV  
  12  1:16  SCV  
  12  1:28  Orbital Command  
  12  1:30  Reaper  
  12  1:42  Command Center  
  12  1:52  Supply Depot  
  12  1:55  SCV  
  12  2:02  Marine  
  12  2:12  SCV  
  12  2:17  Factory  
  12  2:24  Barracks Reactor  
  12  2:25  SCV  
  12  2:37  SCV  
  12  2:41  Command Center  
  12  2:50  SCV  
  12  3:00  Orbital Command  
  12  3:04  Starport  
  12  3:14  Barracks Tech Lab  
  12  3:16  Refinery, SCV  
  12  3:20  Hellion  
  12  3:21  Hellion  
  12  3:26  SCV  
  12  3:28  SCV  
  12  3:38  SCV  
  12  3:41  SCV  
  12  3:42  Hellion x2  
  12  3:50  SCV  
  12  3:54  Orbital Command  
  12  3:55  Supply Depot  
  12  3:56  Supply Depot  
  12  3:59  Banshee  
  12  4:01  Marine  
  12  4:07  SCV  
  12  4:08  Hellion  
  12  4:10  Hellion  
  12  4:13  Cloaking Field  
  12  4:20  Supply Depot  
  12  4:22  Supply Depot  
  12  4:24  SCV x2  
  12  4:25  SCV  
  12  4:36  SCV  
  12  4:37  Refinery  
  12  4:38  Refinery  
  12  4:42  Banshee  
  12  4:44  SCV x2  
  12  4:59  SCV  
  12  5:00  Factory  
  12  5:03  Orbital Command  
  12  5:09  Supply Depot  
  12  5:10  Supply Depot  
  12  5:11  Hellion x2  
  12  5:17  SCV  
  12  5:18  Factory  
  12  5:25  Banshee  
  12  5:31  SCV  
  12  5:32  Supply Depot  
  12  5:34  Supply Depot  
  12  5:35  Hellion x2  
  12  5:39  Armory  
  12  5:42  Armory  
  12  5:44  SCV  
  12  5:45  SCV  
  12  5:47  SCV  
  12  5:58  Supply Depot  
  12  6:00  SCV  
  12  6:01  Supply Depot, SCV  
  12  6:02  Refinery  
  12  6:04  Refinery, Factory Tech Lab  
  12  6:06  Factory Tech Lab  
  12  6:11  Banshee  
  12  6:12  SCV  
  12  6:15  SCV  
  12  6:22  Hyperflight Rotors, SCV  
  12  6:24  SCV  
  12  6:27  SCV  
  12  6:28  Supply Depot  
  12  6:31  Supply Depot  
  12  6:35  SCV  
  12  6:36  SCV  
  12  6:38  Siege Tank x2  
  12  6:39  SCV  
  12  6:45  Infernal Pre-Igniter  
  12  6:46  Smart Servos  
  12  6:47  SCV  
  12  6:48  SCV  
  12  6:49  Terran Vehicle Weapons Level 1, Terran Vehicle And Ship Armor Level 1  
  12  6:51  SCV  
  12  6:54  Hellion  
  12  6:59  SCV  
  12  7:00  Supply Depot  
  12  7:01  Supply Depot  
  12  7:02  SCV  
  12  7:03  SCV  
  12  7:09  Engineering Bay  
  12  7:10  Siege Tank  
  12  7:14  SCV  
  12  7:16  Factory  
  12  7:19  Factory, SCV  
  12  7:21  SCV  
  12  7:26  SCV  
  12  7:31  SCV  
  12  7:34  SCV  
  12  7:36  Banshee  
  12  7:38  SCV  
  12  7:41  Thor  
  12  7:43  SCV  
  12  7:45  Thor  
  12  7:47  Hellion x2  
  12  7:54  Supply Depot  
  12  7:55  Supply Depot  
  12  7:56  Missile Turret  
  12  7:58  Missile Turret  
  12  8:02  Missile Turret  
  12  8:08  Command Center  
  12  8:09  Factory Tech Lab  
  12  8:11  Factory Reactor  
  12  8:13  Drilling Claws  
  12  8:19  Raven, SCV  
  12  8:20  SCV x2  
  12  8:26  Supply Depot  
  12  8:27  Supply Depot  
  12  8:30  Siege Tank x2  
  12  8:31  SCV  
  12  8:32  Siege Tank, SCV  
  12  8:35  Hellion x2  
  12  8:43  Factory  
  12  8:44  Factory  
  12  8:47  Factory  
  12  9:01  Refinery  
  12  9:02  Refinery  
  12  9:06  SCV  
  12  9:09  Supply Depot  
  12  9:18  Thor  
  12  9:20  Widow Mine x4  
  12  9:21  Widow Mine  
  12  9:22  Command Center  
  12  9:33  Sensor Tower  
  12  9:38  Missile Turret  
  12  9:45  Factory Tech Lab x2  
  12  9:47  Widow Mine x3  
  12  9:48  Hellion  
  12  9:49  Hellion x2  
  12  10:06  Factory Tech Lab  
Tags
 
Add a new tag
Caveats
  • Supply blocks, unpowered buildings, or Contaminate may cause inaccurate times.
  • Supply counts are checked every 10 seconds.